 Dungeon Crawl Stone Soup version 0.32-a0-868-g153ae1a8d6 (webtiles) character file.

Game seed: 3303526420704914213

153 Biggs the Shooter (level 5, -2/38 HPs)
             Began as a Coglin Hunter on Mar 28, 2024.
             Slain by Ijyb
             ... wielding a +0 club
              (5 damage)
             ... on level 3 of the Dungeon.
             The game lasted 00:03:03 (2056 turns).

Biggs the Shooter (Coglin Hunter)                   Turns: 2056, Time: 00:03:03

Health: -2/38      AC:  5    Str: 10    XL:     5   Next: 35%
Magic:  5/5        EV: 10    Int:  7    God:
Gold:   34         SH:  0    Dex: 24    Spells: 4/4 levels left

rFire   . . .        a - +2 sling {Hua}
rCold   . . .        d - +0 sling {Aula}
rNeg    . . .        h - +0 ring mail
rPois   .            (no helmet)
rElec   .            (no cloak)
rCorr   .            (no gloves)
SInv    .            (no boots)
Will    .....        (amulet unavailable)
Stlth   +            (ring unavailable)
HPRegen 0.26/turn    (ring unavailable)
MPRegen 0.09/turn    (no gizmo)

%: no passive effects
@: revved
A: off-hand wielding, slow wielding, warmup strikes, no jewellery, agile 1
a: Invent Gizmo


You were on level 3 of the Dungeon.
You visited 1 branch of the dungeon, and saw 3 of its levels.

You collected 104 gold pieces.
You spent 70 gold pieces at shops.

Inventory:

Hand Weapons
 a - a +2 sling (weapon) {Hua}
 d - a +0 sling (offhand) {Aula}
Armour
 c - a +0 leather armour
 h - a +0 ring mail (worn)
Scrolls
 b - a scroll of butterflies
 f - a scroll of immolation
 g - 3 scrolls of amnesia
 k - a scroll of fear {unknown}
 m - a scroll of vulnerability {unknown}
 o - 2 scrolls of teleportation
 s - a scroll of identify
Potions
 l - a potion of might {unknown}
 p - a potion of lignification {unknown}
 q - a potion of ambrosia {unknown}
 r - a potion of degeneration {unknown}


   Skills:
 - Level 2.0 Fighting
 + Level 5.9 Ranged Weapons
 - Level 1.7 Dodging
 - Level 0.7 Stealth


You had 4 spell levels left.
You didn't know any spells.
Your spell library contained the following spells:

 Spells                   Type           Power      Damage    Failure   Level
 Slow                     Hex            0%         N/A       77%         1
 Blink                    Tloc           0%         N/A       88%         2
 Lesser Beckoning         Tloc           0%         N/A       88%         2
 Momentum Strike          Conj/Tloc      0%         3d8       88%         2
 Confusing Touch          Hex            0%         N/A       98%         3
 Vampiric Draining        Necr           0%         2d6       98%         3
 Leda's Liquefaction      Alch/Erth      0%         N/A       100%        4
 Petrify                  Alch/Erth      0%         N/A       100%        4
 Metabolic Englaciation   Hex/Ice        0%         N/A       100%        5


Dungeon Overview and Level Annotations

Branches:
Dungeon (3/15)

Altars:

Shops:
D:1 *

Annotations:
D:3 Ijyb


Innate Abilities, Weirdness & Mutations

You can wield a second weapon in your off-hand.
It takes a long time for you to wield or remove held weapons.
Your first few attacks do less damage.
You cannot equip rings or amulets.
You are agile. (Dex +4, Str/Int -1)


Message History

Press: ? - help, Q - select action Shift-Dir - straight line, f/p - Ijyb
Aim: Ijyb, wielding a +0 club, wearing a +0 chain mail and carrying a wand of roots (severely wounded, 67% to hit)
You shoot a sling bullet. The sling bullet hits Ijyb.
Ijyb is almost dead.
You shoot a sling bullet. The sling bullet closely misses Ijyb.
Ijyb stops to study her wand.
Ijyb hits you with a +0 club.
* * * LOW HITPOINT WARNING * * *
The grasping roots constrict you.
Unknown command.
Unknown command.
You feel better. Ijyb hits you with a +0 club.
* * * LOW HITPOINT WARNING * * *
The grasping roots constrict you.
* * * LOW HITPOINT WARNING * * *
Ijyb's grasping roots sink back into the ground.
Unknown command.
Fire: a) +2 sling {Hua}
Press: ? - help, Q - select action Shift-Dir - straight line, f/p - Ijyb
Aim: Ijyb, wielding a +0 club, wearing a +0 chain mail and carrying a wand of roots (almost dead, 67% to hit)
You shoot a sling bullet. The sling bullet hits Ijyb.
Ijyb is almost dead.
You shoot a sling bullet.
The sling bullet hits Ijyb but does no damage.
Ijyb is almost dead.
Ijyb hits you with a +0 club.
* * * LOW HITPOINT WARNING * * *
Unknown command.
Fire: a) +2 sling {Hua}
Press: ? - help, Q - select action Shift-Dir - straight line, f/p - Ijyb
Aim: Ijyb, wielding a +0 club, wearing a +0 chain mail and carrying a wand of roots (almost dead, 67% to hit)
You shoot a sling bullet. The sling bullet closely misses Ijyb.
You shoot a sling bullet.
The sling bullet hits Ijyb but does no damage.
Ijyb is almost dead.
Ijyb hits you with a +0 club.
* * * LOW HITPOINT WARNING * * *
Ijyb hits you with a +0 club.
You die...
Ijyb moans, "Good help so hard to find!"

♣##..#
#.##.#..#.#########
##.######.#..#)###
...P.
####...............#
####
##.#.#####..####.###
.....######.####)#
##.##.........##.#
#.##.......#.##)#
#.##.......#.##.#
#..............@#
####....>..#.###gw..#
#..###### # [)..#
#..# ..).# ##.#
#....# #.# ......
###. #...## ## ....


You could see Ijyb and a dart slug.

Vanquished Creatures
  Jessica (D:2)
  An orc wizard (D:2)
  3 adders (D:2)
  A dart slug (D:1)
  2 ribbon worms (D:2)
  13 orcs
  2 ball pythons (D:2)
  3 bats
  7 endoplasms
  6 goblins
  A hobgoblin (D:2)
  5 jackals
  A quokka (D:1)
  4 kobolds (D:1)
  2 rats (D:2)
52 creatures vanquished.

Notes
Turn   | Place    | Note
-------+----------+-------------------------------------------
     0 | D:1      | Biggs the Coglin Hunter began the quest for the Orb.
     0 | D:1      | Reached XP level 1. HP: 16/16 MP: 1/1
    65 | D:1      | Reached skill level 4 in Ranged Weapons
    65 | D:1      | Reached XP level 2. HP: 22/22 MP: 2/2
   254 | D:1      | Found Mizikkom's General Store.
   263 | D:1      | Bought a scroll of identify for 20 gold pieces
  1039 | D:2      | Reached XP level 3. HP: 27/27 MP: 3/3
  1078 | D:2      | Reached skill level 5 in Ranged Weapons
  1078 | D:2      | Reached XP level 4. HP: 16/33 MP: 4/4
  1287 | D:2      | Noticed Jessica
  1289 | D:2      | Killed Jessica
  1452 | D:2      | Found a faded altar of an unknown god.
  1470 | D:2      | Reached XP level 5. HP: 38/38 MP: 5/5
  1727 | D:1      | Bought a scroll of teleportation for 30 gold pieces
  1727 | D:1      | Bought a scroll of identify for 20 gold pieces
  1878 | D:3      | Noticed Ijyb
  1899 | D:3      | Gained mutation: You are robust. (+10% HP) [potion of
                  | mutation]
  1899 | D:3      | Lost mutation: You are robust. (+10% HP) [potion of
                  | mutation]
  1899 | D:3      | Gained mutation: You are agile. (Dex +4, Str/Int -1)
                  | [potion of mutation]
  1900 | D:3      | HP: 1/38 [constriction (2)]
  2056 | D:3      | Slain by Ijyb

Illustrated notes

Levels and vault maps discovered:
D:1:      onia_arrival_mini_maze_b, layout_basic, serial_shops, shop
D:2:      layout_basic, hellmonk_ecumenical_altar_inner_sanctum, uniq_jessica
D:3:      layout_loops_cross, serial_aquarium, aquarium_bridge_long_joined
          [aquarium_subvault_bridge, aquarium_subvault_wall,
          aquarium_subvault_wall, aquarium_subvault_window,
          aquarium_subvault_window, aquarium_subvault_bridge],
          aquarium_bridge_square [aquarium_subvault_window,
          aquarium_subvault_bridge, aquarium_subvault_wall,
          aquarium_subvault_wall], aquarium_window_1, aquarium_window_fake,
          aquarium_view_2d, aquarium_view_2d, aquarium_pool_1, uniq_robin,
          uniq_ijyb, uniq_crazy_yiuf_cottage

Skill      XL: |  1  2  3 |
---------------+----------+-----
Ranged Weapons | 4 5 |  5.9
Fighting       | |  2.0
Dodging        | |  1.7
Stealth        | |  0.7

Action                     |  1- 3 |  4- 6 || total
---------------------------+-------+-------++-------
   Fire: Sling             |   102 |   140 ||   242
    Use: Potion            |       |     5 ||     5
         Scroll            |       |     2 ||     2
 Armour: Leather armour    |     3 |       ||     3
         Ring mail         |     9 |    48 ||    57
  Dodge: Dodged            |     7 |     5 ||    12

Table legend: (Time is in decaauts)
 A = Elapsed time spent in this place.
 B = Non-inter-level travel time spent in this place.
 C = Inter-level travel time spent in this place.
 D = Time resting spent in this place.
 E = Time spent auto-exploring this place.
 F = Levels seen in this place.
 G = Mean time per level.
                   A        B        C        D        E       F      G
               +--------+--------+--------+--------+--------+-----+--------+
         Total |   2095 |   1980 |    115 |    112 |   1582 |   3 |  698.3 |
       Dungeon |   2095 |   1980 |    115 |    112 |   1582 |   3 |  698.3 |
               +--------+--------+--------+--------+--------+-----+--------+

Top non-repeatable levels by time:
     D:1: 1045 daAuts
     D:2: 860 daAuts
     D:3: 189 daAuts
